 Dungeon Crawl Stone Soup version 0.26.1-2-gb8aa6d0cf2 (webtiles) character file.

Game seed: 16894704861433134653

539 jlumianski the Grasshopper (level 7, -1/56 HPs)
             Began as a Gnoll Warper on Mar 21, 2021.
             Slain by a wyvern zombie (4 damage)
             ... on level 6 of the Dungeon.
             The game lasted 00:20:09 (3884 turns).

jlumianski the Grasshopper (Gnoll Warper)           Turns: 3884, Time: 00:20:09

Health: -1/56      AC:  5    Str: 13    XL:     7   Next: 26%
Magic:  15/15      EV: 13    Int: 17    God:
Gold:   202        SH:  5    Dex: 15    Spells: 9/17 levels left

rFire    . . .     SeeInvis .   A - +2 hand axe (freeze)
rCold    . . .     Faith    .   (no shield)
rNeg     . . .     Spirit   .   x - +0 ring mail
rPois    .         Reflect  +   (no helmet)
rElec    .         Harm     .   (no cloak)
rCorr    +         Rampage  .   (no gloves)
Will     .....                  (no boots)
Stlth    +.........             j - amulet of reflection
HPRegen  0.18/turn              p - ring of resist corrosion
MPRegen  0.14/turn              (no ring)

@: no status effects
A: distributed training, fangs 1, strong nose
a: no special abilities


You were on level 6 of the Dungeon.
You visited 1 branch of the dungeon, and saw 6 of its levels.

You collected 202 gold pieces.

Inventory:

Hand Weapons
 a - a +0 hand axe
 m - a -3 rapier
 n - a +1 vorpal spear
 t - a +1 short sword of venom
 u - a +0 dagger
 y - a +0 war axe
 A - a +2 hand axe of freezing (weapon)
Missiles
 c - 40 poisoned darts
 e - 5 boomerangs of dispersal
 h - 119 stones (quivered)
 k - 4 boomerangs
Armour
 b - a +0 leather armour
 x - a +0 ring mail (worn)
 z - a +0 pair of gloves
Jewellery
 j - an amulet of reflection (around neck)
 p - a ring of resist corrosion (left hand)
Scrolls
 d - a scroll of blinking
 i - 3 scrolls of remove curse
 o - a scroll of teleportation
Potions
 g - a potion of flight {unknown}
 l - 2 potions of lignification
 q - a potion of heal wounds {unknown}
 r - a potion of attraction {unknown}
 s - a potion of resistance {unknown}
 v - a potion of magic {unknown}
 w - a potion of brilliance {unknown}


   Skills:
 + Level 5.2 Fighting
 + Level 2.3 Short Blades
 + Level 2.3 Long Blades
 + Level 5.2 Axes
 + Level 2.3 Maces & Flails
 + Level 2.3 Polearms
 + Level 2.3 Staves
 + Level 2.3 Slings
 + Level 2.3 Bows
 + Level 2.3 Crossbows
 + Level 3.5 Throwing
 + Level 3.5 Armour
 + Level 5.2 Dodging
 + Level 2.3 Stealth
 + Level 2.3 Shields
 + Level 2.3 Unarmed Combat
 + Level 5.5 Spellcasting
 + Level 1.9 Conjurations
 + Level 1.9 Hexes
 + Level 1.9 Summonings
 + Level 1.9 Necromancy
 + Level 5.8 Translocations
 + Level 1.9 Transmutations
 + Level 1.9 Fire Magic
 + Level 1.9 Ice Magic
 + Level 1.9 Air Magic
 + Level 1.9 Earth Magic
 + Level 1.9 Poison Magic
 + Level 2.6 Invocations
 + Level 2.3 Evocations


You had 9 spell levels left.
You knew the following spells:

 Your Spells              Type           Power        Failure   Level
a - Blink                 Tloc           N/A          3%          2
b - Gell's Gravitas       Tloc           12%          8%          3
c - Teleport Other        Tloc           24%          8%          3

Your spell library contained the following spells:

 Spells                   Type           Power        Failure   Level
 Lesser Beckoning         Tloc           12%          8%          3
 Passage of Golubria      Tloc           N/A          26%         4


Dungeon Overview and Level Annotations

Branches:
Dungeon (7/15)
 Temple: D:4-7

Altars:
Kikubaaqudgha
Ru

Annotations:
D:3 Ijyb


Innate Abilities, Weirdness & Mutations

Your experience applies equally to all skills.
You have very sharp teeth.
Your uncanny sense of smell can sniff out nearby items.


Message History

The wyvern zombie barely misses you.
You hit the wyvern zombie but do no damage.
You bite the wyvern zombie, but do no damage.
The wyvern zombie is heavily damaged.
The wyvern zombie misses you. The wyvern zombie bites you!
* * * LOW HITPOINT WARNING * * *
You hit the wyvern zombie.
The wyvern zombie is severely damaged.
The wyvern zombie closely misses you.
You hit the wyvern zombie.
The wyvern zombie is severely damaged.
The wyvern zombie bites you!
* * * LOW HITPOINT WARNING * * *
You hit the wyvern zombie.
The wyvern zombie is severely damaged.
The wyvern zombie closely misses you.
You hit the wyvern zombie.
The wyvern zombie is severely damaged.
The wyvern zombie bites you.
You die...

##### ####...#
#......# #.##..[#
#@###.############
#Z# #.[...........
#(# #####.........
#.# #.#.###### #(#
#.#.# #.#
####.#.##
####.####.......#
#.........#####.#
#.###Z###.# .#


You could see a wyvern zombie.

Vanquished Creatures
  2 phantoms
  An ogre (D:4)
  A jelly (D:6)
  2 centaur skeletons (D:6)
  An iguana (D:7)
  A worker ant (D:6)
  A howler monkey skeleton (D:6)
  2 gnolls (D:6)
  3 adders
  4 worms (D:2)
  5 dart slugs
  3 leopard geckos
  10 orcs
  A ball python (D:2)
  6 bats
  4 giant cockroaches
  5 goblins
  8 hobgoblins
  2 jackals (D:1)
  A quokka (D:6)
  3 frilled lizards
  6 kobolds
  6 rats
78 creatures vanquished.

Vanquished Creatures (others)
  5 plants (D:1)
5 creatures vanquished.

Grand Total: 83 creatures vanquished

Notes
Turn   | Place    | Note
-------+----------+-------------------------------------------
     0 | D:1      | jlumianski the Gnoll Warper began the quest for the Orb.
     0 | D:1      | Reached XP level 1. HP: 20/20 MP: 6/6
    77 | D:1      | Reached XP level 2. HP: 17/26 MP: 7/7
   495 | D:1      | Reached XP level 3. HP: 31/31 MP: 9/9
   498 | D:1      | Learned a level 2 spell: Blink
   502 | D:1      | Learned a level 3 spell: Gell's Gravitas
   644 | D:1      | Reached skill level 5 in Spellcasting
  1418 | D:2      | Reached skill level 1 in Invocations
  1423 | D:2      | Reached skill level 1 in Short Blades
  1423 | D:2      | Reached skill level 1 in Long Blades
  1423 | D:2      | Reached skill level 1 in Maces & Flails
  1423 | D:2      | Reached skill level 1 in Polearms
  1423 | D:2      | Reached skill level 1 in Staves
  1423 | D:2      | Reached skill level 1 in Slings
  1423 | D:2      | Reached skill level 1 in Bows
  1423 | D:2      | Reached skill level 1 in Crossbows
  1423 | D:2      | Reached skill level 1 in Stealth
  1423 | D:2      | Reached skill level 1 in Shields
  1423 | D:2      | Reached skill level 1 in Unarmed Combat
  1423 | D:2      | Reached skill level 1 in Evocations
  1730 | D:2      | Reached XP level 4. HP: 36/38 MP: 11/11
  2383 | D:4      | Noticed an ogre
  2400 | D:4      | Killed an ogre
  2401 | D:4      | Reached skill level 1 in Conjurations
  2401 | D:4      | Reached skill level 1 in Hexes
  2401 | D:4      | Reached skill level 1 in Summonings
  2401 | D:4      | Reached skill level 1 in Necromancy
  2401 | D:4      | Reached skill level 1 in Transmutations
  2401 | D:4      | Reached skill level 1 in Fire Magic
  2401 | D:4      | Reached skill level 1 in Ice Magic
  2401 | D:4      | Reached skill level 1 in Air Magic
  2401 | D:4      | Reached skill level 1 in Earth Magic
  2401 | D:4      | Reached skill level 1 in Poison Magic
  2401 | D:4      | Reached XP level 5. HP: 43/43 MP: 12/12
  2438 | D:3      | Found a sacrificial altar of Ru.
  2511 | D:3      | Noticed Ijyb
  2847 | D:3      | You fall into a shaft and drop 1 floor!
  3161 | D:3      | Found an ancient bone altar of Kikubaaqudgha.
  3205 | D:4      | Noticed a phantom
  3259 | D:4      | Killed a phantom
  3260 | D:4      | Reached XP level 6. HP: 19/50 MP: 14/14
  3277 | D:4      | You fall into a shaft and drop 3 floors!
  3290 | D:7      | Reached skill level 5 in Fighting
  3290 | D:7      | Reached skill level 5 in Axes
  3290 | D:7      | Reached skill level 5 in Dodging
  3312 | D:7      | Noticed a troll
  3341 | D:7      | Noticed a phantom
  3458 | D:6      | Noticed a phantom
  3600 | D:6      | Killed a phantom
  3601 | D:6      | Reached XP level 7. HP: 13/56 MP: 15/15
  3766 | D:6      | Learned a level 3 spell: Teleport Other
  3884 | D:6      | Slain by a wyvern zombie

Illustrated notes

Levels and vault maps discovered:
D:1:      roderic_octagonal_star, layout_basic, serial_park_tiny_2,
          chequers_big_river
D:2:      layout_basic, serial_glass, glass_columns_a, glass_columns_a
D:3:      minmay_razor_zed, layout_basic, hangedman_ru_absence,
          elyvilon_altar_3, lemuel_coloured_pillars_altar, uniq_ijyb
D:4:      layout_loops_ring, lemuel_doored_altar,
          chequers_serial_rivers_small_3, uniq_eustachio
D:6:      layout_loops_ring, okawaru_trees_2, uniq_duvessa
D:7:      layout_gridville, minmay_misc_feat_secret_circle,
          uniq_crazy_yiuf_cottage

Skill      XL: |  1  2  3  4  5  6 |
---------------+-------------------+-----
Spellcasting   | 5 |  5.5
Invocations    | 1 2 |  2.6
Short Blades   | 1 2 |  2.3
Long Blades    | 1 2 |  2.3
Maces & Flails | 1 2 |  2.3
Polearms       | 1 2 |  2.3
Staves         | 1 2 |  2.3
Slings         | 1 2 |  2.3
Bows           | 1 2 |  2.3
Crossbows      | 1 2 |  2.3
Stealth        | 1 2 |  2.3
Shields        | 1 2 |  2.3
Unarmed Combat | 1 2 |  2.3
Evocations     | 1 2 |  2.3
Throwing       | 3 |  3.5
Armour         | 3 |  3.5
Conjurations   | 1 |  1.9
Hexes          | 1 |  1.9
Summonings     | 1 |  1.9
Necromancy     | 1 |  1.9
Transmutations | 1 |  1.9
Fire Magic     | 1 |  1.9
Ice Magic      | 1 |  1.9
Air Magic      | 1 |  1.9
Earth Magic    | 1 |  1.9
Poison Magic   | 1 |  1.9
Fighting       | 5 |  5.2
Axes           | 5 |  5.2
Dodging        | 5 |  5.2
Translocations | |  5.8

Action                   |  1- 3 |  4- 6 |  7- 9 || total
-------------------------+-------+-------+-------++-------
Melee: Hand axe          |   113 |    39 |    20 ||   172
       Bite              |    14 |    24 |     5 ||    43
       Punch             |     1 |     1 |       ||     2
       Short sword       |       |    91 |       ||    91
       War axe           |       |    26 |       ||    26
       Spear             |       |    19 |       ||    19
Throw: Dart              |     4 |    11 |       ||    15
       Stone             |       |    17 |     2 ||    19
 Cast: Gell's Gravitas   |     2 |     4 |       ||     6
       Blink             |     1 |     1 |       ||     2
  Use: Scroll            |     2 |     6 |       ||     8
       Potion            |     1 |     1 |     1 ||     3
 Stab: Sleeping          |     3 |     2 |       ||     5
Armor: Leather armour    |    28 |     4 |       ||    32
       Ring mail         |       |    30 |     2 ||    32
       Skin              |       |     8 |       ||     8
Dodge: Dodged            |    85 |    87 |    14 ||   186
Block: Other             |    13 |    23 |     1 ||    37
       Reflection        |     2 |       |       ||     2
